 Dungeon Crawl Stone Soup version 0.26-a0-949-ga0cc1ef5f6 (webtiles) character file.

Game seed: 8292911755721159528

15 jestyr24 the Conjurer (level 2, 13/13 HPs)
             Began as a Spriggan Conjurer on Nov 29, 2020.
             Quit the game on level 1 of the Dungeon.
             The game lasted 00:06:56 (616 turns).

jestyr24 the Conjurer (Spriggan Conjurer)            Turns: 616, Time: 00:06:57

Health: 13/13      AC:  2    Str:  3    XL:     2   Next: 34%
Magic:  7/7        EV: 18    Int: 19    God:
Gold:   53         SH:  0    Dex: 14    Spells: 4/7 levels left

rFire    + . .     SeeInvis +   b - +0 dagger
rCold    . . .     Faith    .   (shield restricted)
rNeg     . . .     Spirit   .   i - +0 robe {rF+}
rPois    .         Reflect  .   (helmet restricted)
rElec    .         Harm     .   (no cloak)
rCorr    .         Rampage  .   (gloves unavailable)
MR       .....                  (boots unavailable)
Stlth    ++........             (no amulet)
HPRegen  0.04/turn              (no ring)
MPRegen  0.10/turn              (no ring)

@: very quick
A: very small, unfitting armour, see invisible, speed 3
a: no special abilities


You were on level 1 of the Dungeon.
You visited 1 branch of the dungeon, and saw 1 of its levels.

You collected 53 gold pieces.

Inventory:

Hand Weapons
 b - a +0 dagger (weapon)
 f - a +2 mace of protection
Armour
 i - a +0 robe of fire resistance (worn)
Scrolls
 d - 4 scrolls of identify {unknown}
Potions
 c - a potion of mutation {unknown}
 h - 3 potions of degeneration {unknown}


   Skills:
 * Level 3.1 Dodging
 * Level 3.0 Stealth
 + Level 3.0 Spellcasting
 + Level 3.3 Conjurations


You had 4 spell levels left.
You knew the following spells:

 Your Spells              Type           Power        Failure   Level
a - Magic Dart            Conj           ###.         4%          1
b - Searing Ray           Conj           ###...       6%          2

Your spell library contained the following spells:

 Spells                   Type           Power        Failure   Level
 Dazzling Flash           Conj/Hex       #.....       24%         3
 Fulminant Prism          Conj/Hex       #.........   61%         4
 Iskenderun's Mystic Bla  Conj/Tloc      #.......     61%         4


Dungeon Overview and Level Annotations

Branches:
Dungeon (1/15)

Altars:


Innate Abilities, Weirdness & Mutations

You are very small and have problems with some larger weapons.
You are too small for most types of armour.
You have supernaturally acute eyesight. (SInv)
You cover ground extremely quickly.


Message History

You kill the kobold!
You see here 2 javelins.
g - 2 javelins You see here a +0 club.
h - 3 smoky purple potions
Found an embroidered robe.
Found a stone staircase leading down.
You see here an embroidered robe.
i - an embroidered robe You start removing your armour.
You continue taking off your +0 robe. x4
You finish taking off your +0 robe.
You start putting on your armour.
You continue putting on your embroidered robe. x5
You finish putting on your +0 robe of fire resistance.
You feel resistant to fire.
You drop a helmet.
You drop a +0 robe.
You drop 2 javelins.
Unknown command.
Are you sure you want to abandon this character and quit the game? (Confirm with "yes".)

##........# ..........#
..........# ..........#
#+#........# ..
...........#....
...........#.... .... .....
##@........###.....
......+..................
......#..........#...##..
...>.....................
......#..........#...##.#
###########....##.#..........
#............................
##.####.....)..#.#............
#................#.).........[


There were no monsters in sight!

Vanquished Creatures
  A leopard gecko (D:1)
  A giant cockroach (D:1)
  2 hobgoblins (D:1)
  A kobold (D:1)
  3 bats (D:1)
  4 goblins (D:1)
  A rat (D:1)
13 creatures vanquished.

Notes
Turn   | Place    | Note
-------+----------+-------------------------------------------
     0 | D:1      | jestyr24 the Spriggan Conjurer began the quest for the Orb.
     0 | D:1      | Reached XP level 1. HP: 9/9 MP: 5/5
   249 | D:1      | Reached XP level 2. HP: 13/13 MP: 2/7
   490 | D:1      | Learned a level 2 spell: Searing Ray
   616 | D:1      | Quit the game

Illustrated notes

Levels and vault maps discovered:
D:1:      dpeg_arrival_stonehenge_8_columns, layout_basic

Skill      XL: |  1 |
---------------+----+-----
Conjurations   | 3 |  3.3
Spellcasting   | 3 |  3.0
Dodging        | |  3.1
Stealth        | |  3.0

Action                   || total
-------------------------++-------
Melee: Dagger            ||     9
 Cast: Magic Dart        ||    27
Armor: Robe              ||     2
Dodge: Dodged            ||    17

Table legend: (Time is in decaauts)
 A = Elapsed time spent in this place.
 B = Non-inter-level travel time spent in this place.
 C = Inter-level travel time spent in this place.
 D = Time resting spent in this place.
 E = Time spent auto-exploring this place.
 F = Levels seen in this place.
 G = Mean time per level.
                   A        B        C        D        E       F      G
               +--------+--------+--------+--------+--------+-----+--------+
         Total |    525 |    525 |      0 |    264 |     79 |   1 |  525.0 |
       Dungeon |    525 |    525 |      0 |    264 |     79 |   1 |  525.0 |
               +--------+--------+--------+--------+--------+-----+--------+

Top non-repeatable levels by time:
     D:1: 525 daAuts
